 Dungeon Crawl Stone Soup version 0.30-a0-172-gc5509c9e31 (webtiles) character file.

Game seed: 15944831609845082270

33 blackman the Poker (level 3, 0/26 HPs)
             Began as a Demigod Wanderer on Oct 2, 2022.
             Slain by a gnoll
             ... wielding a +0 whip
              (4 damage)
             ... on level 2 of the Dungeon.
             The game lasted 00:03:08 (912 turns).

blackman the Poker (Demigod Wanderer)                Turns: 912, Time: 00:03:08

Health: 0/26       AC:  2    Str: 12    XL:     3   Next: 0%
Magic:  8/8        EV: 11    Int: 17    God:
Gold:   34         SH:  0    Dex: 15    Spells: 4/5 levels left

rFire   . . .      SeeInvis .    a - +2 spear
rCold   . . .      Faith    .    (no shield)
rNeg    . . .      Spirit   .    d - +0 robe
rPois   .          Reflect  .    (no helmet)
rElec   .          Harm     .    (no cloak)
rCorr   .          Rampage  .    (no gloves)
Will    .....                    (no boots)
Stlth   ++........               (no amulet)
HPRegen 0.24/turn                (no ring)
MPRegen 0.11/turn                (no ring)

@: no status effects
A: high MP 1, forlorn, divine attributes
a: no special abilities


You were on level 2 of the Dungeon.
You visited 1 branch of the dungeon, and saw 2 of its levels.

You collected 34 gold pieces.

Inventory:

Hand Weapons
 a - a +2 spear (weapon)
Armour
 d - a +0 robe (worn)
Wands
 b - a wand of flame (3)
Scrolls
 f - a scroll of magic mapping {unknown}
 i - 3 scrolls of poison {unknown}
 j - a scroll of noise {unknown}
Potions
 c - a potion of berserk rage
 e - a potion of invisibility {unknown}
 g - a potion of mutation {unknown}
 h - a potion of degeneration {unknown}


   Skills:
 - Level 3.7 Polearms
 - Level 1.2 Stealth
 + Level 1.6 Spellcasting
 + Level 2.4 Translocations
 - Level 2.0 Evocations


You had 4 spell levels left.
You knew the following spells:

 Your Spells              Type           Power      Damage    Failure   Level
a - Apportation           Tloc           18%        N/A       8%          1

Your spell library contained the following spells:

 Spells                   Type           Power      Damage    Failure   Level
 Portal Projectile        Hex/Tloc       10%        N/A       36%         3
 Fulminant Prism          Conj/Hex       0%         3d6       89%         4
 Summon Ice Beast         Ice/Summ       1%         N/A       89%         4
 Alistair's Intoxication  Tmut/Pois      0%         N/A       99%         5
 Summon Mana Viper        Hex/Summ       1%         N/A       99%         5
 Monstrous Menagerie      Summ           0%         N/A       100%        7
 Discord                  Hex            0%         N/A       100%        8


Dungeon Overview and Level Annotations

Branches:
Dungeon (2/15)


Innate Abilities, Weirdness & Mutations

You have an increased reservoir of magic. (+10% MP)
You shall have no god before yourself.
Your divine heritage dramatically boosts your attributes as you level up.


Message History

The gnoll attacks as you move away! The gnoll barely misses you.
You are too injured to fight recklessly!
You are too injured to fight recklessly!
You are too injured to fight recklessly!
You are too injured to fight recklessly!
You are too injured to fight recklessly!
You are too injured to fight recklessly!
You are too injured to fight recklessly!
You are too injured to fight recklessly!
You are too injured to fight recklessly!
You are too injured to fight recklessly!
You are too injured to fight recklessly!
You are too injured to fight recklessly!
You are too injured to fight recklessly!
You are too injured to fight recklessly!
You are too injured to fight recklessly!
You are too injured to fight recklessly!
You barely miss the gnoll. The gnoll closely misses you.
You hit the gnoll.
The gnoll is moderately wounded.
The gnoll closely misses you.
You barely miss the gnoll.
The gnoll is moderately wounded.
The gnoll hits you with a +0 flail!
* * * LOW HITPOINT WARNING * * *
You hit the gnoll.
The gnoll is severely wounded.
The gnoll closely misses you.
You closely miss the gnoll.
The gnoll is severely wounded.
You hit the gnoll.
You kill the gnoll!
You have reached level 3!
Your experience leads to a dramatic increase in your attributes!
Increase (S)trength, (I)ntelligence, or (D)exterity?
You feel clever. x4
You hit the gnoll but do no damage.
The gnoll is lightly wounded.
The gnoll hits you with a +0 whip.
You die...

... .. ..
#.# #..##
$...#
####....#
###.@gg...#
#...##....#
#.### ....#
#.# #####
##.# ##..#
##..##
########..##
#...##...##


You could see 2 gnolls.

Vanquished Creatures
  A gnoll (D:2)
  2 dart slugs (D:1)
  A ball python (D:1)
  An endoplasm (D:1)
  A giant cockroach (D:1)
  4 goblins
  A hobgoblin (D:1)
  3 bats (D:1)
  A frilled lizard (D:1)
  3 kobolds (D:1)
  2 rats (D:1)
20 creatures vanquished.

Notes
Turn   | Place    | Note
-------+----------+-------------------------------------------
     0 | D:1      | blackman the Demigod Wanderer began the quest for the Orb.
     0 | D:1      | blackman set off with the following items: a +2 spear, a
                  | wand of flame (3), a potion of berserk rage, a +0 robe; and
                  | the following spell memorised: Apportation; and the
                  | following spells available to memorise: Portal Projectile.
     0 | D:1      | Reached XP level 1. HP: 14/14 MP: 4/4
   263 | D:1      | Got Ybraun's Catalogue of Maledictive Superposition
   269 | D:1      | Reached XP level 2. HP: 20/20 MP: 6/6
   912 | D:2      | Reached XP level 3. HP: 3/26 MP: 8/8
   912 | D:2      | Slain by a gnoll

Illustrated notes

Levels and vault maps discovered:
D:1:      giann_bridges, layout_basic
D:2:      layout_basic, ebering_ecumenical_altar_sacrificial,
          minmay_tromino_v4_a

Skill      XL: |  1  2 |
---------------+-------+-----
Evocations     | 2 |  2.0
Translocations | 2 |  2.4
Polearms       | |  3.7
Stealth        | |  1.2
Spellcasting   | |  1.6

Action                   || total
-------------------------++-------
Melee: Spear             ||    71
 Stab: Sleeping          ||     2
Armor: Robe              ||     1
Dodge: Dodged            ||    33

Table legend: (Time is in decaauts)
 A = Elapsed time spent in this place.
 B = Non-inter-level travel time spent in this place.
 C = Inter-level travel time spent in this place.
 D = Time resting spent in this place.
 E = Time spent auto-exploring this place.
 F = Levels seen in this place.
 G = Mean time per level.
                   A        B        C        D        E       F      G
               +--------+--------+--------+--------+--------+-----+--------+
         Total |    905 |    893 |     12 |      0 |    751 |   2 |  452.5 |
       Dungeon |    905 |    893 |     12 |      0 |    751 |   2 |  452.5 |
               +--------+--------+--------+--------+--------+-----+--------+

Top non-repeatable levels by time:
     D:1: 861 daAuts
     D:2: 44 daAuts
